Map: Equilibrium LE

Players

Classic - Winner!

  • Race: Protoss Protoss
  • Spawn Location: 11:00

Creator

  • Race: Protoss Protoss
  • Spawn Location: 1:00

VOD

Have the link to the VOD?

Description

Time

  • Played on: Dec. 27, 2023, 5:46 a.m.
  • Length: 7:06
Show
View Real Time Build Order
Export as new Build Order

Classic Protoss - Winner!

Build Orders: Proxy Void Ray 

Get SALT Encoding   

  12  0:00  Probe  
  13  0:12  Probe  
  14  0:18  Pylon  
  14  0:24  Probe  
  15  0:36  Gateway  
  15  0:37  Probe (Chrono Boost)  
  16  0:47  Assimilator, Probe (Chrono Boost)  
  17  0:52  Probe (Chrono Boost)  
  18  1:03  Probe  
  19  1:05  Assimilator  
  19  1:08  Pylon  
  19  1:16  Probe (Chrono Boost)  
  21  1:26  Cybernetics Core  
  21  1:27  Probe (Chrono Boost)  
  21  1:32  Probe (Chrono Boost)  
  21  1:35  Zealot  
  24  1:42  Probe  
  25  1:54  Probe  
  26  2:05  Stargate  
  26  2:06  Adept  
  28  2:12  Warp Gate  
  28  2:26  Nexus  
  28  2:33  Pylon  
  31  2:52  Void Ray (Chrono Boost)  
  31  2:54  Shield Battery  
  31  3:02  Stalker  
  33  3:07  Probe  
  34  3:23  Shield Battery  
  34  3:31  Void Ray (Chrono Boost)  
  38  3:35  Probe  
  38  3:41  Probe  
  40  3:47  Probe  
  39  3:53  Probe  
  40  4:02  Stalker  
  46  4:03  Void Ray (Chrono Boost)  
  46  4:09  Pylon  
  46  4:19  Shield Battery  
  46  4:20  Forge  
  47  4:40  Void Ray (Chrono Boost)  
  47  4:45  Pylon  
  47  4:54  Photon Cannon  
  47  5:02  Probe x2  
  49  5:07  Stalker  
  49  5:14  Probe (Chrono Boost)  
  50  5:18  Probe (Chrono Boost)  
  49  5:25  Probe (Chrono Boost)  
  51  5:28  Probe (Chrono Boost)  
  51  5:29  Twilight Council, Probe (Chrono Boost)  
  52  5:38  Probe  
  52  5:40  Probe (Chrono Boost)  
  51  5:50  Probe (Chrono Boost)  
  51  5:52  Probe (Chrono Boost)  
  53  6:00  Probe (Chrono Boost)  
  53  6:01  Probe (Chrono Boost)  
  53  6:03  Gateway  
  55  6:05  Gateway, Probe (Chrono Boost)  
  55  6:06  Probe  
  57  6:17  Robotics Facility, Probe  
  58  6:21  Assimilator  
  58  6:28  Probe  
  58  6:29  Probe  
  60  6:33  Pylon  
  60  6:34  Stalker  
  62  6:40  Probe  
  62  6:41  Probe  
  64  6:52  Probe  
  64  6:53  Probe  
Show
View Real Time Build Order
Export as new Build Order

Creator Protoss 

Build Orders:  

Get SALT Encoding   

  12  0:00  Probe  
  13  0:12  Probe  
  14  0:17  Pylon  
  14  0:25  Probe (Chrono Boost)  
  15  0:37  Gateway, Probe (Chrono Boost)  
  16  0:44  Probe (Chrono Boost)  
  16  0:45  Assimilator  
  17  0:51  Probe  
  18  0:58  Assimilator  
  18  1:03  Probe (Chrono Boost)  
  19  1:08  Gateway  
  19  1:13  Probe (Chrono Boost)  
  19  1:18  Probe (Chrono Boost)  
  20  1:25  Cybernetics Core  
  21  1:29  Probe  
  22  1:35  Pylon  
  22  1:40  Pylon  
  22  1:43  Probe  
  23  1:55  Probe  
  23  2:00  Warp Gate (Chrono Boost)  
  23  2:01  Stalker x2  
  28  2:08  Pylon  
  28  2:17  Pylon  
  28  2:31  Stalker  
  28  2:35  Stalker  
  32  2:43  Pylon  
  32  2:44  Gateway  
  32  2:54  Probe  
  32  3:02  Stalker  
  27  3:05  Stalker  
  33  3:06  Probe  
  33  3:12  Pylon  
  36  3:24  Pylon  
  36  3:30  Shield Battery  
  36  3:43  Stalker  
  36  3:44  Stalker x2  
  42  3:49  Stargate  
  42  4:07  Adept x2  
  46  4:30  Oracle (Chrono Boost)  
  42  4:32  Probe  
  42  4:47  Probe  
  42  4:49  Nexus  
  43  4:57  Oracle (Chrono Boost)  
  46  5:02  Probe  
  42  5:15  Stalker, Probe  
  42  5:16  Shield Battery  
  42  5:20  Stalker  
  47  5:27  Stalker  
  49  5:30  Probe  
  50  5:39  Pylon  
  47  5:46  Twilight Council  
  43  5:57  Probe (Chrono Boost)  
  43  6:03  Probe (Chrono Boost)  
  45  6:08  Probe (Chrono Boost)  
  47  6:12  Probe (Chrono Boost)  
  47  6:14  Probe (Chrono Boost)  
  47  6:17  Probe (Chrono Boost)  
  48  6:24  Probe  
  50  6:27  Shield Battery  
  50  6:30  Probe  
  51  6:33  Stalker  
  51  6:36  Probe  
  52  6:46  Stalker  
  50  6:52  Probe x2  
Tags
 
Matchup
PvP
Replay Pack
December 2023
Spawn Locations
Close Positions
Add a new tag
Caveats
  • Supply blocks, unpowered buildings, or Contaminate may cause inaccurate times.
  • Supply counts are checked every 10 seconds.